 Dungeon Crawl Stone Soup version 0.14-a0-1773-ge500af7 (webtiles) character file.

1947 Lilouch the Basher (level 9, 0/55 HPs)
             Began as a Formicid Fighter on Jan 6, 2014.
             Was a Plaything of Xom.
             Killed by nerve-wracking pain
             ... invoked by Grinder
              (10 damage)
             ... on Level 6 of the Dungeon.
             The game lasted 00:29:35 (7063 turns).

Lilouch the Basher (Formicid Fighter)               Turns: 7063, Time: 00:29:35

HP   0/55        AC  8     Str 25      XL: 9   Next: 45%
MP   9/9         EV  7     Int  7      God: Xom
Gold 260         SH 21     Dex 10      Spells:  0 memorised,  8 levels left

rFire  . . .     SeeInvis +     a - +0,-3 mace
rCold  . . .     Clarity  .     b - -1 scale mail
rNeg   . . .     Conserve .     c - +0 shield
rPois  x         rCorr    .     (helmet unavailable)
rElec  .         rRot     .     (no cloak)
SustAb . .       Spirit   .     (no gloves)
rMut   .         Warding  .     (no boots)
Saprov . . .     Stasis   +     (no amulet)
                                (no ring)
                                N - ring of invisibility

@: mildly poisoned, somewhat resistant to hostile enchantments, extremely
unstealthy
A: permanent stasis, dig shafts and tunnels, four strong arms, poison weakness,
antennae 3, exoskeleton 1
a: Dig, Shaft Self, Renounce Religion, Evoke Invisibility


You were on level 6 of the Dungeon.
You worshipped Xom.
You were a plaything of Xom.
You were very hungry.

You visited 1 branch of the dungeon, and saw 8 of its levels.
You also visited: Sewer.

You collected 260 gold pieces.

Inventory:

Hand weapons
 a - a +0,-3 mace (weapon)
 L - a +2,+4 giant spiked club of chaos
 M - a +0 blowgun
Missiles
 s - 61 bolts
 w - 13 sling bullets of flame
 z - 5 poisoned arrows
 I - 83 poisoned needles
 R - 6 tomahawks (quivered)
Armour
 b - a -1 scale mail (worn)
 c - a +0 shield (worn)
 Q - a +0 large shield
Magical devices
 r - a wand of paralysis (5)
 y - a wand of paralysis (2)
 H - a wand of lightning (0)
 J - a wand of polymorph (13)
Comestibles
 d - 2 apples
 o - 2 meat rations
 P - a honeycomb
 S - 2 bread rations
Scrolls
 j - 3 scrolls of immolation
 k - a scroll of noise {unknown}
 l - 2 scrolls of identify
 m - 2 scrolls of curse jewellery {unknown}
 n - 5 scrolls of remove curse
 p - 2 scrolls of curse weapon {unknown}
 t - a scroll of fear {unknown}
 v - a scroll of recharging {unknown}
 x - a scroll of enchant weapon II {unknown}
 B - a scroll of curse armour {unknown}
 D - 2 scrolls of fog {unknown}
 E - a scroll of enchant armour {unknown}
 O - a scroll of enchant weapon I {unknown}
 T - 2 scrolls of magic mapping {unknown}
Jewellery
 e - a +4,+6 ring of slaying {unknown}
 F - an uncursed ring of positive energy {unknown}
 K - an uncursed ring of protection from fire {unknown}
 N - a ring of invisibility (left hand)
 V - an uncursed ring of ice
Potions
 f - a potion of beneficial mutation {unknown}
 g - 5 potions of heal wounds
 h - 4 potions of curing
 i - a potion of poison {unknown}
 q - 3 potions of restore abilities {unknown}
 u - a potion of confusion {unknown}
 A - a potion of might {unknown}
 C - 3 potions of brilliance {unknown}
 G - 2 potions of mutation {unknown}


   Skills:
 - Level 3.0 Fighting
 * Level 8.2 Maces & Flails
 + Level 7.7 Armour
 + Level 6.1 Shields


You had 8 spell levels left.
You didn't know any spells.

Dungeon Overview and Level Annotations

Branches:
Dungeon (8/16)
 Temple: D:4-7         Lair: D:8-11

Altars:
Elyvilon
Fedhas
Nemelex Xobeh
Okawaru
Sif Muna
Vehumet
Xom
Yredelemnul

Annotations:
D:6 Grinder


Innate Abilities, Weirdness & Mutations

Your are under a permanent stasis effect.
You can dig through walls and to a lower floor.
Your four strong arms can wield any weapon, most with a shield.
You are susceptible to poison.
You have a pair of large antennae on your head (SInv).
Your body is surrounded by an exoskeleton. (HP +5, AC +1)


Message History

Grinder gestures at you. Pain shoots through your body!
* * * LOW HITPOINT WARNING * * *
You hit Grinder.
Grinder is lightly wounded.
Grinder hits you but does no damage.
You barely miss Grinder.
Grinder is lightly wounded.
You block Grinder's attack.
You barely miss Grinder.
Grinder is lightly wounded.
Grinder closely misses you.
* * * LOW HITPOINT WARNING * * *
You feel sick.
* * * LOW HITPOINT WARNING * * *
You feel sick. Grinder gestures at you. Pain shoots through your body!
You die...
Xom chuckles heartily!

#...... ###.... #+ ##### #.## #
#+## .># ###### .....
########.## #..... ......
#.........# #..... .......
###.........###.....
.......####5.@?.........#.....
....>..#..h.#.........#.#.....
........#.####.........#.'.....
........'.# #############.....
........### ###### .......
#######


You could see Grinder and a hound.

Vanquished Creatures
  2 sky beasts (D:5)
  An ice beast (D:6)
  A phantom (D:4)
  2 centaurs (D:5)
  A big kobold (Sewer)
  2 jellies (D:5)
  5 crimson imps
  A centaur skeleton (D:5)
  A big fish (Sewer)
  3 orc priests
  A scorpion (D:7)
  4 worker ants
  3 orc wizards
  A hound (D:5)
  Ijyb (D:4)
  A gnoll (D:2)
  8 adders
  3 giant mites
  An inept feature mimic (D:4)
  2 worms
  2 grey rats (Sewer)
  A giant eyeball (D:4)
  5 giant geckos
  An ooze (D:4)
  14 orcs
  4 ball pythons
  16 bats
  8 giant cockroaches
  13 goblins
  4 hobgoblins
  15 jackals
  A giant gecko skeleton (D:5)
  A giant newt (D:3)
  A giant newt skeleton (D:4)
  A gnoll skeleton (D:4)
  A hobgoblin skeleton (D:5)
  A jackal skeleton (D:4)
  14 kobolds
  A kobold skeleton (D:4)
  An orc skeleton (D:4)
  5 quokkas
  A quokka skeleton (D:4)
  11 rats
166 creatures vanquished.

Vanquished Creatures (collateral kills)
  The ghost of 4tharraofdagon the Skirmisher, an average DgAr (D:5)
  A sky beast (D:5)
  A crimson imp (D:6)
3 creatures vanquished.

Grand Total: 169 creatures vanquished

Notes
Turn   | Place    | Note
--------------------------------------------------------------
     0 | D:1      | Lilouch, the Formicid Fighter, began the quest for the Orb.
     0 | D:1      | Reached XP level 1. HP: 19/19 MP: 1/1
    68 | D:1      | Reached XP level 2. HP: 22/24 MP: 2/2
   236 | D:1      | Reached skill level 4 in Armour
   456 | D:1      | Reached XP level 3. HP: 28/28 MP: 3/3
   983 | D:2      | Reached XP level 4. HP: 17/33 MP: 4/4
  1003 | D:2      | Found a shimmering altar of Xom.
  1005 | D:2      | Found an iron altar of Okawaru.
  1005 | D:2      | Found a basalt altar of Yredelemnul.
  1009 | D:2      | Became a worshipper of Xom of Chaos
  1525 | D:2      | Found a white marble altar of Elyvilon.
  1551 | D:2      | Reached XP level 5. HP: 37/37 MP: 5/5
  1654 | D:2      | XOM: harmless Necr miscast
  1868 | D:2      | XOM is BORED!
  1868 | D:2      | XOM: mild Necr miscast
  2079 | D:3      | XOM: silly message
  2097 | D:3      | XOM is BORED!
  2097 | D:3      | XOM: medium Pois miscast
  2208 | D:3      | XOM: harmless Trmt miscast
  2317 | D:3      | XOM: enchant monster (good)
  2410 | D:3      | XOM: blink monster(s)
  2414 | D:3      | XOM: blink monster(s)
  2542 | D:3      | You fall through a shaft!
  2642 | D:4      | Noticed a phantom
  2651 | D:4      | XOM: harmless Divn miscast
  2663 | D:4      | You fall through a shaft for 3 floors!
  2752 | D:7      | Reached XP level 6. HP: 15/42 MP: 6/6
  2754 | D:7      | Noticed a hill giant skeleton
  2754 | D:7      | XOM: enchant monster (bad)
  2760 | D:7      | XOM: blink monster(s)
  2834 | D:8      | XOM: mild Tloc miscast
  2899 | D:6      | XOM: potion effect (agility)
  2957 | D:6      | Reached skill level 5 in Armour
  2977 | D:5      | Entered Level 5 of the Dungeon
  3076 | D:5      | XOM: potion effect (curing)
  3097 | D:5      | Noticed a sky beast
  3097 | D:5      | Reached XP level 7. HP: 44/46 MP: 7/7
  3111 | D:5      | Killed a sky beast
  3111 | D:5      | Reached skill level 5 in Maces & Flails
  3157 | D:5      | XOM: potion effect (curing)
  3161 | D:5      | XOM: harmless Ice miscast
  3172 | D:5      | XOM: divination: detect creatures
  3176 | D:5      | XOM: harmless Divn miscast
  3179 | D:5      | XOM: enchant monster (bad)
  3240 | D:5      | XOM: chaos upgrade
  3254 | D:5      | XOM: summons friendly rotting devil
  3318 | D:5      | HP: 1/46 [sky beast (5)]
  3406 | D:5      | Noticed 4tharraofdagon's ghost (average DgAr)
  3412 | D:5      | XOM: swap monsters
  3415 | D:5      | XOM: harmless Fire miscast
  3437 | D:5      | Killed 4tharraofdagon's ghost
  3437 | D:5      | Reached XP level 8. HP: 21/51 MP: 8/8
  3469 | D:5      | XOM: potion effect (might)
  3471 | D:5      | Reached skill level 6 in Maces & Flails
  3536 | D:5      | XOM: harmless Summ miscast
  3545 | D:5      | Reached skill level 5 in Shields
  3597 | D:5      | XOM: potion effect (heal wounds)
  4126 | D:4      | Found a sand-covered staircase.
  4128 | D:4      | the sand-covered staircase was a mimic.
  4245 | D:4      | Noticed Ijyb
  4272 | D:4      | Killed Ijyb
  4420 | D:4      | Found a glowing drain.
  4447 | Sewer    | Entered a sewer
  4508 | Sewer    | XOM: silly message
  4547 | Sewer    | XOM: harmless Erth miscast
  4566 | Sewer    | Reached skill level 7 in Maces & Flails
  4724 | Sewer    | Found a white marble altar of Elyvilon.
  4999 | D:3      | XOM: colour smoke trail
  5356 | D:3      | XOM: divination: detect creatures
  5597 | D:4      | XOM: harmless Pois miscast
  5613 | D:4      | Reached XP level 9. HP: 55/55 MP: 9/9
  5647 | D:4      | Found a sparkling altar of Nemelex Xobeh.
  5668 | D:4      | Found a blossoming altar of Fedhas.
  5671 | D:4      | Found a deep blue altar of Sif Muna.
  5679 | D:4      | Found a radiant altar of Vehumet.
  5833 | D:4      | XOM is BORED!
  5833 | D:4      | XOM: harmless Conj miscast
  5869 | D:4      | XOM: confuse monster(s)
  5886 | D:4      | Killed a phantom
  5933 | D:5      | Noticed a sky beast
  5964 | D:5      | Killed a sky beast
  5980 | D:5      | XOM: confusion
  6247 | D:5      | XOM: harmless Pois miscast
  6496 | D:5      | XOM: mild Hex miscast
  6668 | D:6      | Noticed an ice beast
  6685 | D:6      | Killed an ice beast
  6685 | D:6      | Reached skill level 8 in Maces & Flails
  7014 | D:6      | XOM: summons 2 friendly demons
  7046 | D:6      | Noticed Grinder
  7063 | D:6      | Killed from afar by Grinder

Action                   |  1- 3 |  4- 6 |  7- 9 || total
-------------------------+-------+-------+-------++-------
Melee: Mace              |    97 |   232 |   595 ||   924
 Fire: Blowgun           |       |       |     3 ||     3
 Abil: Shaft Self        |       |     1 |       ||     1
Evoke: Wand              |       |     1 |     6 ||     7
  Use: Potion            |       |     2 |     3 ||     5
       Scroll            |       |       |     3 ||     3
 Stab: Confused          |       |       |     1 ||     1
